 Dungeon Crawl Stone Soup version 0.18.1-48-g4cf74bf (webtiles) character file.

315 kosy22 the Ruffian (level 6, -3/61 HPs)
             Began as a Troll Monk on Aug 20, 2016.
             Was a Believer of Cheibriados.
             Shot with a sling bullet by Joseph (16 damage)
             ... on level 7 of the Dungeon.
             The game lasted 00:07:27 (2950 turns).

kosy22 the Ruffian (Troll Monk)                     Turns: 2950, Time: 00:07:28

Health: -3/61      AC:  5    Str: 26    XL:     6   Next: 20%
Magic:  5/5        EV: 12    Int: 10    God:    Cheibriados [**....]
Gold:   236        SH:  0    Dex: 16    Spells: 0 memorised, 5 levels left

rFire  . . .     SeeInvis .       - Unarmed
rCold  . . .     Gourm    +     a - +0 robe
rNeg   . . .     Faith    .     (no shield)
rPois  .         Spirit   .     (helmet restricted)
rElec  .         Dismiss  .     (no cloak)
rCorr  .         Reflect  .     (gloves unavailable)
SustAt .         Harm     .     (boots unavailable)
MR     .....                    (no amulet)
Stlth  ++........               (no ring)
                                (no ring)

@: very slow, not resistant to hostile enchantments, unstealthy
A: unfitting armour, claws 3, fast metabolism 3, gourmand, regeneration 2,
shaggy fur 1, tough skin 2
a: Bend Time, Renounce Religion


You were on level 7 of the Dungeon.
You worshipped Cheibriados.
Cheibriados was pleased with you.
You were full.

You visited 2 branches of the dungeon, and saw 7 of its levels.

You collected 236 gold pieces.

Inventory:

Hand Weapons
 l - a +0 quarterstaff of speed
Armour
 a - a +0 robe (worn)
Jewellery
 i - an uncursed ring of wizardry
 u - an uncursed amulet of faith
Scrolls
 c - 2 scrolls of blinking {unknown}
 f - a scroll of teleportation
 g - a scroll of enchant weapon {unknown}
 k - 3 scrolls of fog
 o - a scroll of noise {unknown}
 p - a scroll of remove curse {unknown}
 t - a scroll of random uselessness {unknown}
Potions
 d - a potion of haste
 e - a potion of might
 j - a potion of cancellation {unknown}
 m - a potion of invisibility {unknown}
 q - a potion of ambrosia {unknown}
 s - a potion of agility {unknown}
Comestibles
 b - 2 bread rations
 h - 2 slices of pizza
 n - a meat ration


   Skills:
 + Level 3.1 Fighting
 + Level 4.2 Dodging
 + Level 1.5 Stealth
 + Level 5.4 Unarmed Combat


You had 5 spell levels left.
You didn't know any spells.

Dungeon Overview and Level Annotations

Branches:
Dungeon (5/15)             Temple (1/1) D:4

Altars:
Cheibriados
Dithmenos
Elyvilon
Fedhas
Kikubaaqudgha
Makhleb
Nemelex Xobeh
Okawaru
Pakellas
Qazlal
Ru
Sif Muna
Vehumet
Zin
The Shining One

Annotations:
D:7 Joseph


Innate Abilities, Weirdness & Mutations

You are too large for most types of armour.
You have claws for hands.
Your metabolism is lightning-fast.
You like to eat raw meat.
You heal very quickly.
You are covered in fur (AC +1).
You have very tough skin (AC +2).


Message History

Joseph shoots a sling bullet.
The sling bullet hits you!
You see here a sling bullet.
Joseph shoots a sling bullet.
The sling bullet hits you.
Joseph says, "The best offense is a good offense."
Joseph shoots a sling bullet.
The sling bullet hits you!
You see here a sling bullet.
Joseph shoots a sling bullet.
The sling bullet completely misses you.
You see here a sling bullet.
Joseph shoots a sling bullet.
The sling bullet hits you!
* * * LOW HITPOINT WARNING * * *
You see here a sling bullet.
Joseph shoots a sling bullet.
The sling bullet closely misses you.
Joseph shoots a sling bullet.
The sling bullet misses you.
Drink which item? (? for menu, Esc to quit)
Okay, then.
Read which item? (? for menu, Esc to quit)
As you read the scroll labeled GEDWEWKOUKH, it crumbles to dust.
The scroll dissolves into smoke.
It was a scroll of fog.
Joseph shoots a sling bullet.
The sling bullet hits you!
You die...

.... #...... #+#..#
#....## ###....#
#.##.## ......
#......
#..#.########.#####
#..#.............#
#.§#§########....#
##.###§§§..# #.##.#
#....§§@§§.# #.# .#
......#§##.# #.# #
###.#.# #(##.####
#.# .... #(......#
#.# ###.. #(#####.#
#.# ......###(#
Z......((@#
####..####...# #.
...#


You could see Joseph.

Vanquished Creatures
  An ogre (D:4)
  A howler monkey (D:4)
  An orc priest (D:4)
  A worker ant (D:4)
  A hound skeleton (D:5)
  3 gnolls (D:3)
  2 adders
  An ooze (D:1)
  An adder zombie (D:5)
  An adder skeleton (D:4)
  A worm (D:2)
  2 dart slugs
  A giant gecko (D:1)
  9 orcs
  2 ball pythons
  3 giant cockroaches
  7 goblins
  4 hobgoblins
  3 jackals (D:4)
  A quokka (D:2)
  4 bats
  4 giant newts
  3 kobolds
  8 rats
65 creatures vanquished.

Notes
Turn   | Place    | Note
--------------------------------------------------------------
     0 | D:1      | kosy22 the Troll Monk began the quest for the Orb.
     0 | D:1      | Reached XP level 1. HP: 22/22 MP: 0/0
   106 | D:1      | Reached XP level 2. HP: 29/29 MP: 1/1
   516 | D:2      | Reached XP level 3. HP: 34/36 MP: 2/2
   521 | D:2      | Found a shadowy altar of Dithmenos.
   522 | D:2      | Found a glowing silver altar of Zin.
  1470 | D:3      | Reached XP level 4. HP: 39/44 MP: 3/3
  2060 | D:4      | Reached skill level 5 in Unarmed Combat
  2060 | D:4      | Reached XP level 5. HP: 50/52 MP: 4/4
  2183 | D:4      | Found a blossoming altar of Fedhas.
  2261 | D:4      | Noticed an ogre
  2270 | D:4      | Killed an ogre
  2270 | D:4      | Reached XP level 6. HP: 42/61 MP: 5/5
  2468 | D:4      | Found a staircase to the Ecumenical Temple.
  2483 | Temple   | Entered the Ecumenical Temple
  2556 | Temple   | Became a worshipper of Cheibriados the Contemplative
  2556 | Temple   | Reached * piety under Cheibriados
  2556 | Temple   | Reached ** piety under Cheibriados
  2760 | D:5      | Entered Level 5 of the Dungeon
  2884 | D:5      | You fall through a shaft for 2 floors!
  2939 | D:7      | Noticed Joseph
  2950 | D:7      | Shot with a sling bullet by Joseph

Skill      XL: |  1  2  3  4  5 |
---------------+----------------+-----
Dodging        | 3 4 |  4.2
Unarmed Combat | 5 |  5.4
Fighting       | 3 |  3.1
Stealth        | |  1.5

Action                   |  1- 3 |  4- 6 || total
-------------------------+-------+-------++-------
Melee: Unarmed           |    65 |    82 ||   147
       Punch             |     2 |       ||     2
  Use: Scroll            |     3 |     3 ||     6
 Stab: Sleeping          |       |     1 ||     1
  Eat: Chunk             |     7 |    17 ||    24
       Bread ration      |     1 |       ||     1
Armor: Robe              |    24 |    32 ||    56
Dodge: Dodged            |    40 |    56 ||    96
